 Dungeon Crawl Stone Soup version 0.22.1-1-ga44c0e5 (console) character file.

357 erker the Chiller (level 6, -1/38 HPs)
             Began as an Octopode Transmuter on Oct 9, 2018.
             Slain by a worker ant (7 damage)
             ... while paralysed by Grinder
             ... on level 4 of the Dungeon.
             The game lasted 00:22:05 (4516 turns).

erker the Chiller (Octopode Transmuter)             Turns: 4516, Time: 00:22:06

Health: -1/38      AC:  1    Str: 10    XL:     6   Next: 64%
Magic:  3/10       EV:  2    Int: 17    God:
Gold:   101        SH:  0    Dex: 12    Spells: 3/10 levels left

rFire    . . .     SeeInvis .     - Unarmed
rCold    . . .     Gourm    .   (no shield)
rNeg     . . .     Faith    .   (helmet restricted)
rPois    .         Spirit   .   (no amulet)
rElec    .         Reflect  .   (no ring)
rCorr    .         Harm     .   (no ring)
MR       .....                  (no ring)
Stlth    ++........             (no ring)
HPRegen  0.12/turn              (no ring)
MPRegen  0.12/turn              (no ring)
                                (no ring)
                                (no ring)

@: paralysed, lethally poisoned (-1 -> -8), very slightly contaminated
A: almost no armour, stealthy swim, amphibious, 8 rings, constrict 8, camouflage
1, gelatinous body 1
a: no special abilities


You were on level 4 of the Dungeon.
You were hungry.

You visited 1 branch of the dungeon, and saw 4 of its levels.

You collected 101 gold pieces.

Inventory:

Hand Weapons
 b - a +0 hunting sling
 p - a +0 trident
Missiles
 a - 31 arrows
 i - 17 poisoned needles
 k - 22 bolts
Wands
 h - a wand of digging (2)
 n - a wand of random effects (11)
Scrolls
 d - 5 scrolls of enchant armour {unknown}
 e - a scroll of amnesia {unknown}
 f - 4 scrolls of teleportation {unknown}
 g - 5 scrolls of remove curse {unknown}
 j - a scroll of random uselessness {unknown}
 l - 3 scrolls of identify {unknown}
 m - a scroll of fear {unknown}
Comestibles
 c - 4 rations
 o - 2 chunks of flesh


   Skills:
 + Level 1.0 Fighting
 - Level 0.6 Throwing
 + Level 2.0 Dodging
 + Level 0.1 Stealth
 + Level 3.0 Unarmed Combat
 + Level 2.8 Spellcasting
 * Level 3.4 Transmutations
 + Level 5.1 Ice Magic


You had 3 spell levels left.
You knew the following spells:

 Your Spells              Type           Power        Failure   Level  Hunger
a - Beastly Appendage     Tmut           ##....       4%          1    #......
t - Sticks to Snakes      Tmut           ##......     6%          2    ##.....
y - Ice Form              Ice/Tmut       ###.....     30%         4    #####..

Your spell library contained the following spells:

 Spells                   Type           Power        Failure   Level  Hunger
 Spider Form              Tmut/Pois      #.........   26%         3    ###....
 Blade Hands              Tmut           ##........   75%         5    ######.


Dungeon Overview and Level Annotations

Branches:
Dungeon (4/15)
 Temple: D:4-7

Altars:

Shops:
D:4 [

Annotations:
D:3 1 exclusion
D:4 Grinder


Innate Abilities, Weirdness & Mutations

You cannot wear most types of armour.
You are very stealthy in the water. (Stealth+)
You are amphibious.
You can wear up to eight rings at the same time.
You can use your tentacles to constrict eight enemies at once.
Your skin changes colour to match your surroundings (Stealth+).
Your rubbery body absorbs attacks. (AC +1, EV +1)


Message History

Grinder blinks!
Okay, then.
Unknown command.
Unknown command.
Unknown command.
Unknown command.
Grinder blinks!
Grinder gestures at you.
You suddenly lose the ability to move!
The worker ant bites you. x2
Grinder hits you. The worker ant bites you. Grinder gestures at you.
You resist with significant effort. The worker ant bites you.
You are poisoned.
The worker ant poisons you!
You feel sick. The worker ant bites you. Grinder hits you!
You writhe in agony.
* * * LOW HITPOINT WARNING * * *
* * * LOW HITPOINT WARNING * * *
You feel sick. The worker ant bites you!
You die...

..# ##.##..#
..##.. ##.# #
#....# #.# ..
##....# #.# ##.
# .....# #.#
.%..#.#..#.#
#.# #....#.##.#
#.## #...∩5..#
#..##
P.P>..#@#..##
##..# .....
#.a...######.#
...a
#####.....##.#
#.. #####....#
#. #####§.# .
#......##
#.......#
#######.....#.#
.......<....#.#


You could see Grinder and a worker ant.

Vanquished Creatures
  A hound (D:4)
  Terence (D:3)
  A hound zombie (D:3)
  Robin (D:2)
  6 gnolls
  2 oozes
  An adder zombie (D:4)
  3 worms
  2 dart slugs (D:2)
  3 orcs (D:3)
  3 ball pythons
  4 giant cockroaches
  12 goblins
  7 hobgoblins
  11 jackals
  3 bats
  4 frilled lizards (D:2)
  5 kobolds
  7 rats
77 creatures vanquished.

Vanquished Creatures (collateral kills)
  Sigmund (D:3)
  2 gnolls
  2 goblins (D:2)
  A jackal (D:2)
  A ball python (D:2)
  A kobold (D:2)
8 creatures vanquished.

Grand Total: 85 creatures vanquished

Notes
Turn   | Place    | Note
-------+----------+-------------------------------------------
     0 | D:1      | erker the Octopode Transmuter began the quest for the Orb.
     0 | D:1      | Reached XP level 1. HP: 13/13 MP: 3/3
   273 | D:2      | Found a faded altar of an unknown god.
   326 | D:2      | Reached XP level 2. HP: 18/18 MP: 5/5
   330 | D:2      | Learned a level 2 spell: Sticks to Snakes
   502 | D:2      | Noticed Robin
   692 | D:1      | Reached XP level 3. HP: 15/23 MP: 4/6
  1283 | D:2      | Reached XP level 4. HP: 5/28 MP: 2/8
  1593 | D:2      | Learned a level 4 spell: Ice Form
  1943 | D:2      | Reached skill level 1 in Ice Magic
  2328 | D:2      | Killed Robin
  2328 | D:2      | Reached skill level 2 in Ice Magic
  2381 | D:3      | Reached XP level 5. HP: 18/33 MP: 7/9
  2789 | D:3      | Noticed Sigmund
  2958 | D:3      | Reached skill level 3 in Ice Magic
  2960 | D:3      | HP: 1/39 [gnoll/spear (2)]
  3710 | D:3      | Killed Sigmund
  3710 | D:3      | Reached skill level 4 in Ice Magic
  3710 | D:3      | Reached XP level 6. HP: 20/38 MP: 3/10
  4051 | D:3      | Noticed Terence
  4069 | D:3      | Killed Terence
  4397 | D:4      | Reached skill level 5 in Ice Magic
  4435 | D:4      | Noticed Grinder
  4497 | D:4      | Found Ygoa's Armour Boutique.
  4511 | D:4      | Paralysed by Grinder for 6 turns
  4516 | D:4      | Slain by a worker ant

Skill      XL: |  1  2  3  4  5  6 |
---------------+-------------------+-----
Transmutations | 3 |  3.4
Ice Magic      | 2 4 5 |  5.1
Fighting       | |  1.0
Throwing       | |  0.6
Dodging        | |  2.0
Stealth        | |  0.1
Unarmed Combat | |  3.0
Spellcasting   | |  2.8

Action                   |  1- 3 |  4- 6 || total
-------------------------+-------+-------++-------
Melee: Unarmed           |    65 |   125 ||   190
       Tentacles         |    10 |    24 ||    34
       Constrict         |    13 |    28 ||    41
       Kick              |     8 |    21 ||    29
       Punch             |     1 |     5 ||     6
 Cast: Beastly Appendage |    15 |    13 ||    28
       Sticks to Snakes  |     5 |    22 ||    27
       Ice Form          |       |     2 ||     2
  Use: Potion            |       |     3 ||     3
 Stab: Sleeping          |     5 |     2 ||     7
  Eat: Chunk             |     1 |     9 ||    10
       Ration            |       |     1 ||     1
Armor: Skin              |     3 |     4 ||     7
Dodge: Dodged            |    42 |    93 ||   135
